 Dungeon Crawl Stone Soup version 0.28.0-45-g0d030f2227 (webtiles) character file.

Game seed: 6709496249269038116

25 101zpm the Chiller (level 2, 0/15 HPs)
             Began as a Deep Elf Ice Elementalist on Apr 20, 2022.
             Succumbed to Robin's poison
             ... on level 1 of the Dungeon.
             The game lasted 00:01:06 (951 turns).

101zpm the Chiller (Deep Elf Ice Elementalist)       Turns: 951, Time: 00:01:08

Health: 0/15       AC:  2    Str:  5    XL:     2   Next: 82%
Magic:  6/8        EV: 12    Int: 19    God:
Gold:   19         SH:  0    Dex: 15    Spells: 6/7 levels left

rFire   . . .      SeeInvis .   (no weapon)
rCold   . . .      Faith    .   (no shield)
rNeg    . . .      Spirit   .   a - +0 robe
rPois   .          Reflect  .   (no helmet)
rElec   .          Harm     .   (no cloak)
rCorr   .          Rampage  .   (no gloves)
Will    .....                   (no boots)
Stlth   ++........              (no amulet)
HPRegen 0.05/turn               (no ring)
MPRegen 0.11/turn               (no ring)

@: lethally poisoned (0 -> -5)
A: no striking features
a: no special abilities


You were on level 1 of the Dungeon.
You visited 1 branch of the dungeon, and saw 2 of its levels.

You collected 19 gold pieces.

Inventory:

Armour
 a - a +0 robe (worn)
Scrolls
 c - 2 scrolls of magic mapping {unknown}
 d - a scroll of immolation {unknown}
 e - 2 scrolls of fear {unknown}
 f - a scroll of vulnerability {unknown}
Potions
 b - a potion of curing {unknown}


   Skills:
 + Level 2.5 Dodging
 + Level 2.5 Stealth
 + Level 3.4 Spellcasting
 + Level 5.1 Ice Magic


You had 6 spell levels left.
You knew the following spells:

 Your Spells              Type           Power      Damage    Failure   Level
a - Freeze                Ice            88%        1d10      1%          1

Your spell library contained the following spells:

 Spells                   Type           Power      Damage    Failure   Level
 Frozen Ramparts          Ice            44%        1d6       5%          3
 Ozocubu's Armour         Ice            22%        N/A       5%          3
 Hailstorm                Conj/Ice       12%        3d5       45%         4


Dungeon Overview and Level Annotations

Branches:
Dungeon (2/15)

Altars:

Annotations:
D:2 Robin


Message History

You kill the hobgoblin!
f - a scroll labelled GEYNOQAXOD You open the door.
There is an open door here.
Done exploring.
Done exploring.
Done exploring.
Done exploring.
Done exploring.
You see here a +0 long sword.
There is a stone staircase leading down here.
You climb downwards.
The hobgoblin shouts!
The goblin shouts! x2; Robin shouts!
The hobgoblin shouts!
The goblin shouts! x2; You hear an angry hiss.
Found 16 bolts.
There is a stone staircase leading up here.
The goblin shouts!
The goblin hits you with a +0 dagger. The hobgoblin hits you. x2
Robin hits you from afar with a +0 spear of venom.
You are lethally poisoned!
You climb upwards.
* * * LOW HITPOINT WARNING * * *
You feel very sick.
There is a stone staircase leading down here.
Aiming: Freeze (safe; 1% risk of failure)
Press: ? - help, Q - select action Shift-Dir - straight line, f - hobgoblin
Aim: a hobgoblin You freeze the hobgoblin.
The hobgoblin is severely wounded.
* * * LOW HITPOINT WARNING * * *
You feel sick. The goblin hits you with a +0 dagger.
* * * LOW HITPOINT WARNING * * *
The goblin hits you but does no damage. The hobgoblin misses you.
The hobgoblin closely misses you.
Aiming: Freeze (safe; 1% risk of failure)
Press: ? - help, Q - select action Shift-Dir - straight line, f/p - hobgoblin
Aim: a hobgoblin (severely wounded)
You freeze the hobgoblin!
You kill the hobgoblin!
You die...

##########...)...#
##### #.......# ....#
###.......# ....##
#.........# .....#
#.........# .....#
#.........#
.....#####.......#
...............gg#
....#####.......@#
....# #.#+#..g## ....#
#.#...###
....#####+#...###
###.............#
#...........#.#
#...........#.#########
#.........###.........#
#.#######.# #......†..#


You could see a hobgoblin and 2 goblins.

Vanquished Creatures
  2 dart slugs (D:1)
  4 endoplasms (D:1)
  2 goblins (D:1)
  3 hobgoblins (D:1)
  4 ball pythons (D:1)
  A bat (D:1)
  A frilled lizard (D:1)
  2 kobolds (D:1)
  A rat (D:1)
20 creatures vanquished.

Notes
Turn   | Place    | Note
-------+----------+-------------------------------------------
     0 | D:1      | 101zpm the Deep Elf Ice Elementalist began the quest for
                  | the Orb.
     0 | D:1      | Reached XP level 1. HP: 10/10 MP: 6/6
   190 | D:1      | Reached XP level 2. HP: 14/15 MP: 2/8
   425 | D:1      | Found a faded altar of an unknown god.
   616 | D:1      | Reached skill level 5 in Ice Magic
   947 | D:2      | Noticed Robin
   951 | D:1      | Succumbed to Robin's poison

Illustrated notes

Levels and vault maps discovered:
D:1:      amcnicky_arrival_double_pillar, layout_basic,
          shapermc_ecumenical_altar_mp_highgroup
D:2:      layout_rooms, uniq_robin

Skill      XL: |  1  2 |
---------------+-------+-----
Ice Magic      | 5 |  5.1
Dodging        | |  2.5
Stealth        | |  2.5
Spellcasting   | |  3.4

Action                   || total
-------------------------++-------
Melee: Unarmed           ||     2
 Cast: Freeze            ||    27
Armor: Robe              ||     3
Dodge: Dodged            ||    16
